 Dungeon Crawl Stone Soup version 0.30.0-15-g856e2d3f33 (webtiles) character file.

Game seed: 13151805785442917809

3453 PhantomBowie the Fighter (level 10, -5/64 HPs)
             Began as a Gargoyle Berserker on May 18, 2023.
             Was an Elder of Trog.
             Killed by divine providence
             ... invoked by a smoke demon
              (8 damage)
             ... on level 2 of the Abyss.
             The game lasted 00:24:40 (6727 turns).

PhantomBowie the Fighter (Gargoyle Berserker)       Turns: 6727, Time: 00:24:41

Health: -5/64      AC: 25    Str: 31    XL:     10   Next: 6%
Magic:  10/10      EV:  8    Int:  8    God:    Trog [****..]
Gold:   404        SH:  8    Dex:  9    Spells: 9/9 levels left

rFire   + + .        i - +0 flail
rCold   + . .        s - +0 kite shield
rNeg    + . .        F - +1 plate armour {rF+}
rPois   ∞            A - +0 helmet
rElec   +            n - scarf {rC+ rF+}
rCorr   .            J - +0 pair of gloves
SInv    .            G - +0 pair of boots
Will    .....        (no amulet) Stlth
                     q - +4 ring of slaying
HPRegen 0.30/turn    y - +6 ring of strength
MPRegen 0.12/turn

%: no passive effects
@: no status effects
A: sickness immunity, AC +7, negative energy resistance 1, electricity
resistance, torment resistance 1, petrification resistance
a: Renounce Religion, Berserk, Trog's Hand, Brothers in Arms


You were on level 2 of the Abyss.
You worshipped Trog.
Trog was greatly pleased with you.
You visited 2 branches of the dungeon, and saw 9 of its levels.
You visited the Abyss 1 time.

You collected 404 gold pieces.

Inventory:

Hand Weapons
 i - a +0 flail (weapon)
Armour
 n - a scarf of resistance (worn)
 s - a +0 kite shield (worn)
 A - a +0 helmet (worn)
 F - a +1 plate armour of fire resistance (worn)
 G - a +0 pair of boots (worn)
 J - a +0 pair of gloves (worn)
Jewellery
 h - a +6 ring of dexterity
 m - a ring of positive energy
 q - a +4 ring of slaying (left hand)
 y - a +6 ring of strength (right hand)
 D - a ring of positive energy
Wands
 l - a wand of iceblast (15)
 z - a wand of flame (16)
Scrolls
 a - 2 scrolls of immolation {unknown}
 c - 3 scrolls of brand weapon
 e - 3 scrolls of fear {unknown}
 f - a scroll of butterflies {unknown}
 g - 4 scrolls of magic mapping
 o - a scroll of silence {unknown}
 r - a scroll of amnesia {unknown}
 t - 4 scrolls of teleportation
 v - a scroll of enchant weapon {unknown}
 C - 2 scrolls of noise {unknown}
 K - a scroll of blinking {unknown}
Potions
 b - 5 potions of curing
 d - 3 potions of might
 j - a potion of ambrosia {unknown}
 k - a potion of haste {unknown}
 p - a potion of cancellation {unknown}
 u - a potion of berserk rage {unknown}
 w - 4 potions of brilliance {unknown}
 x - 2 potions of degeneration {unknown}
 B - a potion of magic
 E - 3 potions of heal wounds {unknown}
 H - a potion of mutation {unknown}
 I - a potion of flight {unknown}


   Skills:
 + Level 8.1 Fighting
 + Level 7.3 Maces & Flails
 + Level 7.6 Armour
 + Level 5.7 Dodging
 + Level 4.3 Shields


You had 9 spell levels left.
You didn't know any spells.
Your spell library was empty.

Dungeon Overview and Level Annotations

Branches:
Dungeon (8/15)             Temple (1/1) D:4
   Lair: D:8-11

Altars:
Ashenzari
Dithmenos
Elyvilon
Fedhas
Hepliaklqana
Kikubaaqudgha
Makhleb
Nemelex Xobeh
Okawaru
Qazlal
Sif Muna
Trog
Uskayaw
Vehumet
Xom
Yredelemnul
Zin
The Shining One

Annotations:
D:8 Psyche


Innate Abilities, Weirdness & Mutations

You are immune to sickness and miasma.
Your stone body is resilient. (AC +7)
You are immune to poison.
You resist negative energy. (rN+)
You are resistant to electric shocks. (rElec)
You are resistant to unholy torment.
You are immune to petrification.


Message History

There is a corrupted altar of Lugonu here.
A starcursed mass comes into view.
The starcursed mass shrieks in your mind.
The starcursed mass shrieks in your mind.
* * * LOW HITPOINT WARNING * * *
A starcursed mass splits.
You block the small abomination's attack.
There is a corrupted altar of Lugonu here.
The small abomination hits you but does no damage.
You are suddenly pulled into a different region of the Abyss!
You start resting.
A smoke demon comes into view.
The smoke demon roars!
The smoke demon closely misses you. x2
The smoke demon hits you but does no damage.
The smoke demon attacks as you move away!
The smoke demon barely misses you.
The smoke demon hits you but does no damage. x2
A spriggan defender zombie comes into view.
The smoke demon gestures at you. Something smites you!
The smoke demon gestures at you. The ball of steam hits you! You resist.
* * * LOW HITPOINT WARNING * * *
The spriggan defender zombie is engulfed in a cloud of scalding steam.
The spriggan defender zombie attacks as you move away!
You block the spriggan defender zombie's attack.
The spriggan defender zombie closely misses you.
The spriggan defender zombie attacks as you move away!
The spriggan defender zombie hits you but does no damage.
You block the spriggan defender zombie's attack.
The spriggan defender zombie hits you but does no damage.
The spriggan defender zombie attacks as you move away!
The spriggan defender zombie hits you but does no damage.
The spriggan defender zombie completely misses you.
The spriggan defender zombie hits you!
* * * LOW HITPOINT WARNING * * *
The smoke demon gestures at you. Something smites you!
You die...

#..#.......#
...# #
#.....#.#.#.# #
#..........#...
#....#..#....#
..#.#.....##..#
.##..#
###.3##### ...#
##.....# . .##
####Z####....
##@...# ######


You could see a smoke demon and a spriggan defender zombie.

Vanquished Creatures
  A troll (D:5)
  A hornet (D:8)
  A small abomination (Abyss:2)
  Sigmund (D:3)
  Eustachio (D:5)
  A chaos spawn (Abyss:2)
  2 water moccasins
  2 ice beasts
  2 black bears
  An orc warrior (D:7)
  An ogre (D:5)
  A phantom (D:5)
  2 centaurs
  2 gnoll sergeants
  2 scorpions
  3 wights (D:6)
  A howler monkey (D:5)
  3 jellies
  5 hounds
  An orc priest (D:7)
  A gnoll bouda (D:6)
  A sleepcap (D:5)
  Ijyb (D:1)
  4 iguanas
  6 orc wizards
  22 gnolls
  6 adders
  A shadow imp (D:5)
  5 ufetubi
  A worm (D:5)
  A dart slug (D:1)
  32 orcs
  8 bats
  8 endoplasms
  6 giant cockroaches
  14 goblins
  6 hobgoblins
  3 jackals (D:3)
  3 quokkas
  4 ball pythons
  2 frilled lizards
  6 kobolds
  6 rats
181 creatures vanquished.

Notes
Turn   | Place    | Note
-------+----------+-------------------------------------------
     0 | D:1      | PhantomBowie the Gargoyle Berserker began the quest for the
                  | Orb.
     0 | D:1      | Reached XP level 1. HP: 14/14 MP: 1/1
   115 | D:1      | Reached XP level 2. HP: 19/19 MP: 2/2
   192 | D:1      | Found a faded altar of an unknown god.
   282 | D:1      | Reached ** piety under Trog
   283 | D:1      | Reached XP level 3. HP: 23/23 MP: 3/3
   774 | D:2      | Identified the +1 leather armour of Yhewat {rCorr}
   901 | D:2      | Reached XP level 4. HP: 29/29 MP: 4/4
   946 | D:2      | Noticed Ijyb
   969 | D:1      | Killed Ijyb
   970 | D:1      | Reached skill level 4 in Fighting
  1368 | D:3      | Noticed Sigmund
  1382 | D:3      | Killed Sigmund
  1383 | D:3      | Reached XP level 5. HP: 34/34 MP: 5/5
  1383 | D:3      | Reached XP level 6. HP: 39/39 MP: 6/6
  1528 | D:3      | You fall into a shaft and drop 3 floors!
  1630 | D:6      | Noticed a water moccasin
  1643 | D:6      | Killed a water moccasin
  1644 | D:6      | Reached skill level 5 in Fighting
  1734 | D:6      | Reached XP level 7. HP: 44/44 MP: 7/7
  1737 | D:5      | Entered Level 5 of the Dungeon
  1737 | D:5      | Found a glowing silver altar of Zin.
  1737 | D:5      | Found a shimmering blue altar of Sif Muna.
  1765 | D:5      | Found a bloodstained altar of Trog.
  1767 | D:5      | Found a hide-covered altar of Uskayaw.
  1768 | D:5      | Found a glowing golden altar of the Shining One.
  1787 | D:5      | Noticed Eustachio
  1888 | D:5      | Killed Eustachio
  1975 | D:5      | Reached *** piety under Trog
  2083 | D:5      | Reached skill level 5 in Maces & Flails
  2195 | D:5      | Reached skill level 5 in Armour
  2261 | D:4      | Found a hazy altar of Hepliaklqana.
  2500 | D:5      | Reached XP level 8. HP: 49/51 MP: 8/8
  2542 | D:5      | Reached skill level 6 in Fighting
  2801 | D:4      | Found a staircase to the Ecumenical Temple.
  2810 | Temple   | Entered the Ecumenical Temple
  2899 | D:4      | Found an ancient bone altar of Kikubaaqudgha.
  3372 | D:4      | Found a sparkling altar of Nemelex Xobeh.
  3584 | D:4      | Found a blossoming altar of Fedhas.
  3590 | D:4      | Found a stormy altar of Qazlal.
  3976 | D:5      | Reached skill level 1 in Shields
  3979 | D:5      | Reached XP level 9. HP: 56/56 MP: 9/9
  4069 | D:5      | Noticed a troll
  4085 | D:5      | Killed a troll
  4086 | D:5      | Reached skill level 7 in Fighting
  4159 | D:5      | Reached **** piety under Trog
  4647 | D:6      | Reached skill level 5 in Dodging
  4665 | D:6      | Identified the +5 scale mail of the Wumpus {rF- rCorr Int-4
                  | Slay+6}
  6172 | D:7      | Found a shimmering altar of Xom.
  6174 | D:7      | Found a basalt altar of Yredelemnul.
  6174 | D:7      | Found a hide-covered altar of Uskayaw.
  6187 | D:7      | Found a hide-covered altar of Uskayaw.
  6187 | D:7      | Found a shimmering altar of Xom.
  6187 | D:7      | Found a shimmering altar of Xom.
  6420 | D:8      | Noticed a hornet
  6433 | D:8      | Killed a hornet
  6537 | D:8      | Noticed Psyche
  6556 | Abyss:2  | Cast into level 2 of the Abyss (Psyche)
  6638 | Abyss:2  | Noticed an efreet
  6655 | Abyss:2  | Reached skill level 8 in Fighting
  6655 | Abyss:2  | Reached XP level 10. HP: 26/64 MP: 7/10
  6659 | Abyss:2  | Found a corrupted altar of Lugonu.
  6673 | Abyss:2  | Noticed a starcursed mass
  6704 | Abyss:2  | Noticed a smoke demon
  6726 | Abyss:2  | HP: 2/64 [spriggan defender zombie (16)]
  6727 | Abyss:2  | Killed from afar by a smoke demon

Illustrated notes

Levels and vault maps discovered:
D:1:      roderic_crop_circles_arrival_large, layout_rooms,
          ebering_ecumenical_altar_petrified, minmay_cut_off
D:2:      kennysheep_the_goblin_king, layout_basic,
          minmay_misc_feat_four_crosses
D:3:      minmay_wonky_spiral, layout_basic, kennysheep_nub, uniq_sigmund
D:4:      layout_rooms, grunt_temple_overflow_forces_of_nature,
          nicolae_overflow_hidden_temple, nemelex_altar_shiori,
          mainiacjoe_overflow_alcove_2, minmay_temple_entry_gardened_gates,
          enter_ossuary_5, chequers_serial_rivers_small_a
D:5:      minmay_bubble_buster, layout_basic, grunt_temple_overflow_open,
          minmay_puff, uniq_eustachio
D:6:      layout_gridville
D:7:      layout_loops_ring, doesnt_xom_only_xom, kennysheep_generic_room_8
D:8:      minmay_razor_zed, layout_basic, gammafunk_ghost_arena, uniq_psyche
Temple:   nicolae_temple_ecumenical_triangle
Abyss:2:  base:
Temple

Skill      XL: |  1  2  3  4  5  6  7  8  9 |
---------------+----------------------------+-----
Dodging        | 2 3 4 5 |  5.7
Fighting       | 4 5 6 8 |  8.1
Armour         | 3 4 5 6 7 |  7.6
Maces & Flails | 4 5 6 7 |  7.3
Shields        | 1 4 |  4.3

Action                     |  1- 3 |  4- 6 |  7- 9 | 10-12 || total
---------------------------+-------+-------+-------+-------++-------
  Melee: Mace              |    79 |       |       |       ||    79
         Flail             |    18 |    90 |   496 |     5 ||   609
         Punch             |       |     1 |     4 |       ||     5
 Invoke: Berserk           |     1 |       |       |       ||     1
    Use: Scroll            |       |       |     7 |       ||     7
 Armour: Ring mail         |    36 |    40 |    28 |       ||   104
         Scale mail        |       |       |    92 |       ||    92
         Plate armour      |       |       |   195 |    11 ||   206
  Dodge: Dodged            |    69 |    58 |   276 |     5 ||   408
  Block: Kite shield       |       |       |   161 |     4 ||   165
